[Event "Titled Tuesday Blitz June 21 Late 2022"]
[White "Shapiro, Daniel"]
[Black "Fiol, Fabrice"]
[WhiteFideId "2001780"]
[BlackFideId "611670"]
[WhiteElo "2272"]
[BlackElo "2446"]
[Result "1/2-1/2"]
[Round "09"]
[TimeControl "180+1"]
[Date "2022.06.22"]
[WhiteClock "0:00:06"]
[BlackClock "0:00:15"]

1. d4 Nf6 2. c4 e6 3. g3 Bb4+ 4. Nd2 O-O 5. Bg2 c5 6. a3 Bxd2+ 7. Qxd2 cxd4 8. Nf3 Nc6 9. Nxd4 d5 10. Nxc6 bxc6 11. O-O Rb8 12. Rd1 Ba6 13. cxd5 cxd5 14. b4 Qb6 15. Bb2 Nd7 16. e4 Rfd8 17. exd5 exd5 18. Qg5 Qg6 19. Qxg6 hxg6 20. Bxd5 Nb6 21. Bc6 Nc4 22. Bd4 Rbc8 23. Ba4 Nd6 24. Bxa7 Ne4 25. Rxd8+ Rxd8 26. Rd1 Rc8 27. Bd4 Be2 28. Re1 Bf3 29. Bd1 Rc1 30. Bxf3 Rxe1+ 31. Kg2 Nd2 32. Bc6 Rc1 33. b5 Nc4 34. Bd5 Nd6 35. Be5 Nxb5 36. a4 Nc3 37. Bf3 Nxa4 38. Bf4 Ra1 39. h4 Nc3 40. Be3 Ra3 41. Bd4 Nb1 42. Be3 Nc3 43. Bd4 Nb5 44. Be3 Nd6 45. Bd5 Nf5 46. Bf4 Kf8 47. Be4 Ke8 48. Bf3 Ra4 49. Bd5 Ra5 50. Bc6+ Ke7 51. Bf3 Ra2 52. Bd5 Ra1 53. Be4 f6 54. Bd5 Ra2 55. Be4 Ra4 56. Bd3 Ra3 57. Be4 Ra2 58. h5 Nd6 59. Bxg6 f5 60. Bg5+ Ke6 61. Bf4 Nf7 62. Bxf7+ Kxf7 63. Kf3 Ra4 64. Kg2 Kf6 65. Kf3 Rc4 66. Kg2 Ke6 67. Kf3 Kf6 68. Kg2 Rc2 69. Kf3 Rb2 70. Kg2 Rb3 71. Kh3 Kf7 72. Kg2 Rd3 73. Kg1 Kf6 74. Kg2 g5 75. hxg6 Kxg6 76. Be3 Rb3 77. Kf3 Kf6 78. Ke2 Ke6 79. Kf3 Kd5 80. Kf4 Ke6 81. Kf3 Kd5 82. Kf4 Ke6 83. Kf3 1/2-1/2


[Site "https://www.chess.com"]

[Event "Titled Tuesday Blitz June 21 Late 2022"]
[White "Stanisz, Patryk"]
[Black "Petrovic, Aleksa"]
[WhiteFideId "1123106"]
[BlackFideId "967629"]
[WhiteElo "1833"]
[BlackElo "2117"]
[Result "0-1"]
[Round "09"]
[TimeControl "180+1"]
[Date "2022.06.22"]
[WhiteClock "0:01:08"]
[BlackClock "0:01:26"]

1. d4 Nf6 2. c4 e6 3. Nc3 Bb4 4. Qc2 O-O 5. a3 Bxc3+ 6. Qxc3 b6 7. Bg5 Bb7 8. Nf3 d6 9. e3 Nbd7 10. Be2 h6 11. Bh4 g5 12. Bg3 Ne4 13. Qc2 f5 14. O-O-O Qf6 15. Rhg1 Rac8 16. Nd2 Nxd2 17. Rxd2 f4 18. exf4 gxf4 19. Bxf4 Qxf4 20. Qg6+ Kh8 21. Bd3 Nf6 22. h4 Be4 23. g3 Qxd2+ 24. Kxd2 Bxg6 25. Bxg6 Kg7 26. Bd3 e5 27. d5 e4 28. Be2 Rce8 29. Ke3 h5 30. b4 Ng4+ 31. Bxg4 hxg4 0-1


[Site "https://www.chess.com"]

[Event "Titled Tuesday Blitz June 21 Late 2022"]
[White "Svane, Rasmus"]
[Black "So, Wesley"]
[WhiteFideId "4657101"]
[BlackFideId "5202213"]
[WhiteElo "2674"]
[BlackElo "2742"]
[Result "0-1"]
[Round "09"]
[TimeControl "180+1"]
[Date "2022.06.21"]
[WhiteClock "0:00:04"]
[BlackClock "0:00:28"]

1. Nf3 d5 2. g3 Nf6 3. Bg2 c5 4. O-O Nc6 5. d4 e6 6. c4 dxc4 7. dxc5 Qxd1 8. Rxd1 Bxc5 9. Nbd2 c3 10. bxc3 O-O 11. Nb3 Be7 12. Nfd4 Nxd4 13. cxd4 Nd5 14. Bd2 f5 15. Na5 Bf6 16. e3 b6 17. Nc6 Bb7 18. Nb4 Rfc8 19. Rdc1 Be7 20. a4 Rab8 21. Nd3 Rxc1+ 22. Rxc1 Rc8 23. Rxc8+ Bxc8 24. Bxd5 exd5 25. a5 Ba6 26. axb6 axb6 27. Bb4 Bd8 28. Ne5 Bb5 29. f3 g5 30. h3 h5 31. Kf2 Kg7 32. g4 fxg4 33. fxg4 hxg4 34. hxg4 Kf6 35. Kf3 Ke6 36. e4 Ba4 37. Bd2 Bb3 38. Ke3 Bf6 39. Kd3 b5 40. exd5+ Bxd5 41. Kc3 Be7 42. Kd3 b4 43. Nc4 b3 44. Ne3 Bf3 45. Kc3 Bb4+ 46. Kxb3 Bxd2 47. Nc4 Bd5 48. Kc2 Bxc4 49. Kxd2 Kd5 50. Ke3 Bb5 0-1


[Site "https://www.chess.com"]

[Event "Titled Tuesday Blitz June 21 Late 2022"]
[White "Tanenbaum, Zachary"]
[Black "Dilmukhametov, Artur"]
[WhiteFideId "2060850"]
[BlackFideId "24179922"]
[WhiteElo "2175"]
[BlackElo "2206"]
[Result "1-0"]
[Round "09"]
[TimeControl "180+1"]
[Date "2022.06.22"]
[WhiteClock "0:00:09"]
[BlackClock "0:00:35"]

1. b3 e5 2. Bb2 Nc6 3. e3 Bd6 4. Nf3 Nf6 5. Bb5 e4 6. Nd4 Nxd4 7. Bxd4 c6 8. Be2 Qe7 9. d3 Be5 10. dxe4 Nxe4 11. Bf3 d5 12. Bxe4 dxe4 13. Nc3 Bf5 14. O-O Rd8 15. Qh5 g6 16. Qh6 Rxd4 17. exd4 Bxd4 18. Qd2 Qe5 19. Rad1 c5 20. Rfe1 O-O 21. Nb5 Bg4 22. Rc1 a6 23. Nxd4 cxd4 24. c3 d3 25. f3 Qc5+ 26. Qe3 Qxe3+ 27. Rxe3 exf3 28. Rxd3 fxg2 29. Kxg2 Re8 30. Rd2 Re3 31. Rf1 Rxc3 32. Rf4 Bh3+ 33. Kf2 h5 34. Rf3 Rxf3+ 35. Kxf3 Kf8 36. Rc2 Be6 37. Rc7 g5 38. Ke4 Bh3 39. Ke5 Bg2 40. Kf6 Ke8 41. Kxg5 Bf3 42. Kf4 Bg2 43. h4 Bd5 44. Ke5 Bf3 45. Kf4 Bd5 46. Rc5 Bc6 47. Rxh5 Kf8 48. Re5 Kg7 49. h5 Kh6 50. Rf5 Kg7 51. Kg5 Be4 52. h6+ Kg8 53. Rf4 Bb1 54. Kf6 Kh7 55. Kxf7 Kxh6 56. Rf2 Kg5 57. Ke6 Kg4 58. Kd6 Kg3 59. Rd2 Kf4 60. Kc5 Be4 61. Kb6 Ke3 62. Rd7 Bb1 63. a3 Bc2 64. b4 Be4 65. Rxb7 Kd4 66. Ra7 Kc4 67. Rxa6 Kb3 68. b5 Kc4 69. a4 Kd5 70. Ra7 Kd6 71. a5 Bd5 72. a6 Be6 73. Rc7 Bd7 74. Rxd7+ Kxd7 75. a7 1-0


[Site "https://www.chess.com"]

[Event "Titled Tuesday Blitz June 21 Late 2022"]
[White "Terry, Renato"]
[Black "Fedoseev, Vladimir"]
[WhiteFideId "3803457"]
[BlackFideId "24130737"]
[WhiteElo "2577"]
[BlackElo "2726"]
[Result "1-0"]
[Round "09"]
[TimeControl "180+1"]
[Date "2022.06.21"]
[WhiteClock "0:00:02"]
[BlackClock "0:00:01"]

1. d4 Nf6 2. Bg5 c5 3. Bxf6 gxf6 4. d5 f5 5. c4 Bg7 6. Qc2 e6 7. Nc3 Na6 8. e3 Qa5 9. Qd2 Bxc3 10. bxc3 b6 11. Nh3 Bb7 12. Nf4 O-O-O 13. Be2 Nc7 14. O-O Ne8 15. Rfd1 Nd6 16. Bd3 h5 17. a4 h4 18. f3 Ba6 19. e4 e5 20. Nh3 f4 21. Qe2 Rdg8 22. Kh1 Rg6 23. Nf2 f6 24. Rdc1 Kd8 25. h3 Ke7 26. Ng4 Kf7 27. Kh2 Kg7 28. Kh1 Rg5 29. Kh2 Bc8 30. Ra2 Nb7 31. Qd2 d6 32. Rb1 Bd7 33. Qc2 Qa6 34. Qe2 Na5 35. Rbb2 Qc8 36. Rb1 Qe8 37. Bc2 Bc8 38. Rbb2 Ba6 39. Bd3 Kf7 40. Rb1 Ke7 41. Rbb2 Qf8 42. Rb1 Kd8 43. Rbb2 Kc7 44. Rb1 Bc8 45. Rb5 Bd7 46. Rb1 Qe7 47. Rb5 Bxb5 48. cxb5 c4 49. Bxc4 Kb8 50. Bd3 Rc8 51. c4 Rc5 52. Qe1 Rh5 53. Qb4 Rh8 54. Rc2 Rhc8 55. Qe1 Nxc4 56. Bxc4 Rxc4 57. Rxc4 Rxc4 58. Qxh4 Qg7 59. Nxf6 Rxa4 60. Ng4 Kc7 61. Qe1 Rc4 62. Qa1 Kb8 63. Qe1 Qg5 64. h4 Qh5 65. Nf6 Qg6 66. Ng4 Rc5 67. Qf1 Qh5 68. Kh3 Rc8 69. Qe1 Qe8 70. Qb4 Rc5 71. Qe1 Qxb5 72. h5 Qe8 73. Qh4 Rc1 74. Kh2 Rc7 75. h6 Qf8 76. Qg5 Rh7 77. Qg6 Rf7 78. Qe6 a5 79. Nxe5 1-0


[Site "https://www.chess.com"]

[Event "Titled Tuesday Blitz June 21 Late 2022"]
[White "Thiel, Thomas"]
[Black "Silvestre, Christian"]
[WhiteFideId "4615964"]
[BlackFideId "30956269"]
[WhiteElo "2234"]
[BlackElo "2429"]
[Result "0-1"]
[Round "09"]
[TimeControl "180+1"]
[Date "2022.06.22"]
[WhiteClock "0:00:01"]
[BlackClock "0:00:45"]

1. e4 e5 2. Nf3 Nc6 3. d4 exd4 4. Nxd4 Bc5 5. Nb3 Bb6 6. Nc3 Nge7 7. Qe2 O-O 8. Bg5 Qe8 9. O-O-O d6 10. h3 f5 11. f4 Qg6 12. h4 h6 13. h5 Qf7 14. Bxe7 Nxe7 15. g3 Bd7 16. Bg2 fxe4 17. Bxe4 Bc6 18. Bxc6 Nxc6 19. Nd5 Rae8 20. Qg4 Ne7 21. Nxe7+ Rxe7 22. Rhe1 Rfe8 23. Rxe7 Qxe7 24. a4 Qe3+ 25. Kb1 Qe2 26. Qxe2 Rxe2 27. Rd2 Re1+ 28. Ka2 a5 29. c3 Rg1 30. Rd3 Rh1 31. g4 Rg1 32. Rd5 Rxg4 33. f5 Rxa4+ 34. Kb1 Kf7 0-1


[Site "https://www.chess.com"]

[Event "Titled Tuesday Blitz June 21 Late 2022"]
[White "Titichoca Daza, Daniel"]
[Black "Barria Zuniga, Daniel"]
[WhiteFideId "3309550"]
[BlackFideId "3400816"]
[WhiteElo "1912"]
[BlackElo "2414"]
[Result "1-0"]
[Round "09"]
[TimeControl "180+1"]
[Date "2022.06.21"]
[WhiteClock "0:00:45"]
[BlackClock "0:00:41"]

1. d4 c6 2. Bf4 Qb6 3. e3 Qxb2 4. Nd2 Qb6 5. Nc4 Qd8 6. Bd3 Nf6 7. Nf3 d6 8. a4 e6 9. h4 Be7 10. h5 h6 11. e4 d5 12. exd5 exd5 13. Nce5 O-O 14. Qd2 Ne4 15. Qe3 Bb4+ 16. Kf1 Nd7 17. Bxe4 dxe4 18. Qxe4 Nxe5 19. Bxe5 Re8 20. Qd3 Bf8 21. Rh4 Be6 22. Re1 Qd5 23. Kg1 Qc4 24. Qd1 Rad8 25. Nd2 Qxa4 26. Ne4 Bf5 27. Nf6+ gxf6 28. Rg4+ Kh7 29. Qf3 Qxc2 30. Ree4 Bxe4 31. Qxf6 Rxe5 32. Qxf7+ Kh8 33. Rg8# 1-0


[Site "https://www.chess.com"]

[Event "Titled Tuesday Blitz June 21 Late 2022"]
[White "Tologon tegin, Semetei"]
[Black "Estrada Nieto, Julian"]
[WhiteFideId "13800574"]
[BlackFideId "5101018"]
[WhiteElo "2174"]
[BlackElo "2252"]
[Result "1-0"]
[Round "09"]
[TimeControl "180+1"]
[Date "2022.06.22"]
[WhiteClock "0:00:17"]
[BlackClock "0:00:01"]

1. e4 e5 2. Bc4 Nc6 3. Nf3 Bc5 4. O-O d6 5. d3 Nf6 6. c3 a6 7. a4 Ba7 8. h3 h6 9. Nbd2 g5 10. Nh2 g4 11. hxg4 Rg8 12. Qf3 Qe7 13. Nb3 Nxg4 14. Nxg4 Bxg4 15. Qg3 O-O-O 16. Be3 Be2 17. Qh3+ Bg4 18. Qg3 Qd7 19. Bxa7 Bh3 20. Be3 Bxg2 21. Kxg2 Rxg3+ 22. fxg3 Qg4 23. Rf3 f5 24. exf5 d5 25. f6 dxc4 26. f7 Rf8 27. Bxh6 Rxf7 28. Rxf7 cxb3 29. Re1 Qe6 30. Rf8+ Kd7 31. Be3 Qd5+ 32. Kh2 Qxd3 33. Rf2 Qh7+ 34. Kg1 Qh3 35. Rg2 Ke6 36. g4 Qh4 37. Rf1 e4 38. Bf4 e3 39. Bxe3 Ne5 40. Bf2 Qg5 41. Bd4 Nd3 42. Rg3 Nf4 43. Re3+ Kd5 44. Re5+ Qxe5 45. Bxe5 Kxe5 46. g5 c5 47. Rxf4 Kxf4 48. g6 b5 49. g7 b4 50. g8=Q bxc3 51. Qc4+ Ke5 52. Qxc3+ Kd5 53. Qxb3+ c4 54. Qc3 a5 55. Kf2 Kc5 56. Ke3 Kd5 57. Kf4 Kc5 58. Ke4 Kd6 59. Kd4 Kc6 60. Kxc4 Kb6 61. Qf6+ Kc7 62. Kb5 Kd7 63. Kxa5 Kc7 64. Kb5 Kb7 65. Qd6 Kc8 66. Qe7 Kb8 67. Kb6 Ka8 68. Qe8# 1-0


[Site "https://www.chess.com"]

[Event "Titled Tuesday Blitz June 21 Late 2022"]
[White "Urbina Perez, Juan Antonio"]
[Black "Colpe, Malte"]
[WhiteFideId "2217368"]
[BlackFideId "24623075"]
[WhiteElo "2192"]
[BlackElo "2328"]
[Result "1-0"]
[Round "09"]
[TimeControl "180+1"]
[Date "2022.06.22"]
[WhiteClock "0:00:15"]
[BlackClock "0:00:02"]

1. e4 c5 2. Nf3 Nc6 3. Bb5 Na5 4. O-O a6 5. Be2 e6 6. d4 Nf6 7. e5 Nd5 8. c4 Nb6 9. b3 cxd4 10. Nxd4 d5 11. exd6 Bxd6 12. Bb2 O-O 13. Qc2 Nc6 14. Nxc6 Qh4 15. g3 Qh3 16. c5 Bd7 17. Bf3 Nd5 18. cxd6 Bxc6 19. Qe2 f6 20. Nd2 Rad8 21. Rac1 Kh8 22. Rxc6 bxc6 23. Ba3 e5 24. d7 Rf7 25. Bg4 Qh6 26. Be6 Rfxd7 27. Bxd7 Rxd7 28. Ne4 Qg6 29. Nc5 Rd8 30. Qe4 Qf7 31. Rd1 Re8 32. Qf5 g6 33. Qd7 Qxd7 34. Nxd7 Kg7 35. Bb2 a5 36. Nc5 Re7 37. Ne4 Kf7 38. Nd6+ Ke6 39. Nc4 Ra7 40. a4 Ra8 41. Rd3 f5 42. Bc3 e4 43. Rxd5 cxd5 44. Nxa5 Rc8 45. Bd4 g5 46. Nb7 1-0


[Site "https://www.chess.com"]

[Event "Titled Tuesday Blitz June 21 Late 2022"]
[White "Wagner, Dennis"]
[Black "Keymer, Vincent"]
[WhiteFideId "24650684"]
[BlackFideId "12940690"]
[WhiteElo "2355"]
[BlackElo "2548"]
[Result "0-1"]
[Round "09"]
[TimeControl "180+1"]
[Date "2022.06.21"]
[WhiteClock "0:00:02"]
[BlackClock "0:00:50"]

1. e4 c6 2. d4 d5 3. e5 Bf5 4. Nf3 e6 5. Be2 c5 6. Be3 Qb6 7. Nc3 Nc6 8. O-O Qxb2 9. Qe1 cxd4 10. Bxd4 Nxd4 11. Nxd4 Bb4 12. Rb1 Bxc3 13. Rxb2 Bxe1 14. Rxe1 b6 15. h4 h5 16. c4 Ne7 17. Nxf5 Nxf5 18. cxd5 exd5 19. Rd1 O-O-O 20. g3 Rhe8 21. Bxh5 g6 22. Bf3 Rxe5 23. a4 d4 24. h5 gxh5 25. Bxh5 Nxg3 26. Bxf7 Ne2+ 27. Kf1 Nc3 28. Rc2 Rc5 29. Ra1 d3 30. Rd2 Ne4 31. Rdd1 d2 32. Ra2 Nc3 33. Be6+ Kc7 34. Raxd2 Nxd1 0-1


[Site "https://www.chess.com"]

[Event "Titled Tuesday Blitz June 21 Late 2022"]
[White "Wang, Isaac"]
[Black "D`Arruda, Ricardo D."]
[WhiteFideId "30977185"]
[BlackFideId "100692"]
[WhiteElo "2306"]
[BlackElo "2487"]
[Result "0-1"]
[Round "09"]
[TimeControl "180+1"]
[Date "2022.06.22"]
[WhiteClock "0:00:17"]
[BlackClock "0:00:13"]

1. d4 Nf6 2. c4 e5 3. dxe5 Ne4 4. a3 Nc6 5. Nf3 d6 6. exd6 Bxd6 7. Nbd2 Bf5 8. e3 Qf6 9. Nxe4 Bxe4 10. Be2 O-O-O 11. Qa4 Rhe8 12. O-O Qh6 13. g3 Qh3 14. b4 Re6 15. Rd1 Rf6 16. b5 Rxf3 17. Bf1 Qf5 18. bxc6 Rxf2 19. cxb7+ Bxb7 20. Qxa7 Qf3 21. Bh3+ f5 22. Rd5 Re2 23. Bxf5+ Rd7 24. Bb2 Qf2+ 25. Kh1 Qxh2# 0-1


[Site "https://www.chess.com"]

[Event "Titled Tuesday Blitz June 21 Late 2022"]
[White "Wartiovaara, Oliver"]
[Black "Przybylski, Wojciech"]
[WhiteFideId "513024"]
[BlackFideId "1117599"]
[WhiteElo "1971"]
[BlackElo "2133"]
[Result "0-1"]
[Round "09"]
[TimeControl "180+1"]
[Date "2022.06.22"]
[WhiteClock "0:00:02"]
[BlackClock "0:00:05"]

1. e4 c5 2. Nf3 e6 3. d4 cxd4 4. Nxd4 Nc6 5. Nc3 Qc7 6. g3 h5 7. h3 h4 8. g4 a6 9. Bg2 Bc5 10. Be3 Ne5 11. Qe2 Ng6 12. Qd2 b5 13. O-O Bb7 14. Rfe1 b4 15. Nd5 exd5 16. exd5 Kf8 17. Nf5 Bd6 18. c4 Nf6 19. c5 Bh2+ 20. Kh1 Bf4 21. d6 Bxg2+ 22. Kxg2 Qb7+ 23. f3 Be5 24. Rad1 Re8 25. Bd4 Nf4+ 26. Kh2 Qxf3 27. Re3 Qd5 28. Bxe5 Rxe5 29. Qxd5 Rxd5 30. Rde1 Ne6 31. g5 g6 32. gxf6 gxf5 0-1


[Site "https://www.chess.com"]

[Event "Titled Tuesday Blitz June 21 Late 2022"]
[White "Yuan, Qingyu"]
[Black "Florescu, Codrut-Constantin"]
[WhiteFideId "8609772"]
[BlackFideId "1202200"]
[WhiteElo "2359"]
[BlackElo "2191"]
[Result "1-0"]
[Round "09"]
[TimeControl "180+1"]
[Date "2022.06.21"]
[WhiteClock "0:00:09"]
[BlackClock "0:00:06"]

1. e4 c5 2. Nf3 e6 3. b3 a6 4. Bb2 Nc6 5. c4 Qc7 6. g3 Nf6 7. e5 Ng4 8. Bg2 Ngxe5 9. Nxe5 Nxe5 10. O-O Nc6 11. Re1 Nd4 12. Qg4 h5 13. Qg5 d6 14. Nc3 Qd8 15. Qf4 Be7 16. Rad1 O-O 17. Ne4 e5 18. Qe3 Nc2 19. Qe2 Bg4 20. f3 Nxe1 21. fxg4 Nxg2 22. gxh5 d5 23. cxd5 Qxd5 24. Qxg2 Rad8 25. Qe2 Qd3 26. Qxd3 Rxd3 27. Bxe5 Re8 28. Bf4 f5 29. Nf2 Rd5 30. Re1 Kf7 31. Kf1 Bf6 32. Rc1 b6 33. h3 Red8 34. Ke2 a5 35. a4 Be5 36. Bg5 Bxg3 37. Bxd8 Rxd8 38. Nd3 f4 39. Rf1 Rd4 40. Ne5+ Ke6 41. Nc4 Kf5 42. Nxb6 Rb4 43. Nc4 Rxb3 44. Rf3 Rb4 45. Nxa5 Rxa4 46. Nb7 Rc4 47. Nd6+ Kg5 48. Nxc4 Kxh5 49. Ne5 Kh4 50. Nd3 g5 51. Nf2 c4 52. Kf1 g4 53. hxg4 Kg5 54. Kg2 Kf6 55. Ne4+ Ke5 56. Nxg3 1-0


[Site "https://www.chess.com"]

[Event "Titled Tuesday Blitz June 21 Late 2022"]
[White "Yurovskykh, Oleksandr"]
[Black "Vasquez Schroeder, Rodrigo"]
[WhiteFideId "14134020"]
[BlackFideId "3400042"]
[WhiteElo "2292"]
[BlackElo "2567"]
[Result "1-0"]
[Round "09"]
[TimeControl "180+1"]
[Date "2022.06.21"]
[WhiteClock "0:00:18"]
[BlackClock "0:00:15"]

1. d4 Nf6 2. Nf3 g6 3. Nbd2 c5 4. dxc5 Na6 5. e4 Nxc5 6. e5 Nd5 7. Nb3 Nxb3 8. axb3 Nb4 9. c3 Nc6 10. Bf4 Bg7 11. Bc4 O-O 12. O-O b6 13. Re1 Bb7 14. Ba6 Bxa6 15. Rxa6 Qc8 16. Ra1 Qb7 17. b4 a6 18. Qd5 Rac8 19. Red1 Rfd8 20. b5 axb5 21. Qxb5 Ra8 22. h3 h6 23. Qd5 Ra5 24. Rxa5 bxa5 25. Nd4 e6 26. Qf3 Rc8 27. Nxc6 Rxc6 28. Rd2 Rb6 29. Qxb7 Rxb7 30. Kf1 g5 31. Bg3 Kh7 32. Bh2 Kg6 33. f3 Bf8 34. Ke1 Bc5 35. Kd1 a4 36. Kc2 h5 37. g4 hxg4 38. hxg4 f6 39. exf6 Kxf6 40. Bg3 d5 41. Re2 Rh7 42. f4 Rh3 43. fxg5+ Kxg5 44. Be1 Kf6 45. Bd2 e5 46. g5+ Ke6 47. Rg2 Bf8 48. Rg4 e4 49. c4 Rf3 50. cxd5+ Kxd5 51. g6 Bg7 52. Bc3 Rf2+ 53. Kb1 Bxc3 54. bxc3 e3 55. g7 e2 56. g8=Q+ 1-0


[Site "https://www.chess.com"]

[Event "Titled Tuesday Blitz June 21 Late 2022"]
[White "Zhigalko, Sergei"]
[Black "Xiong, Jeffery"]
[WhiteFideId "13502956"]
[BlackFideId "2047640"]
[WhiteElo "2662"]
[BlackElo "2714"]
[Result "0-1"]
[Round "09"]
[TimeControl "180+1"]
[Date "2022.06.21"]
[WhiteClock "0:00:02"]
[BlackClock "0:01:35"]

1. e4 e6 2. d4 d5 3. e5 c5 4. c3 Qb6 5. Nf3 Bd7 6. Be2 Bb5 7. Bxb5+ Qxb5 8. a4 Qa6 9. dxc5 Bxc5 10. b4 Be7 11. Na3 Nd7 12. Nb5 Qc6 13. O-O a6 14. Nbd4 Qxc3 15. Bd2 Qd3 16. Qc1 Nh6 17. Bxh6 gxh6 18. Qc7 Bd8 19. Qxb7 Rb8 20. Qc6 Rxb4 21. Nxe6 fxe6 22. Qxe6+ Be7 23. Rac1 Rc4 24. Qxa6 Rg8 25. Ne1 Qe4 26. Rxc4 dxc4 27. e6 Ne5 28. Qc8+ Bd8 29. f4 Qc6 30. Qb8 Qb6+ 31. Qxb6 Bxb6+ 32. Kh1 Ng4 33. g3 Ke7 34. f5 Rd8 35. Ng2 Nf2+ 36. Kg1 c3 37. Nf4 c2 38. Kg2 Rd1 39. Ne2 Ng4 40. f6+ Nxf6 41. Rxd1 cxd1=Q 0-1


[Site "https://www.chess.com"]

[Event "Titled Tuesday Blitz June 21 Late 2022"]
[White "Zhou, Qiyu"]
[Black "Winkels, Marcel"]
[WhiteFideId "505161"]
[BlackFideId "1003887"]
[WhiteElo "1925"]
[BlackElo "1900"]
[Result "1-0"]
[Round "09"]
[TimeControl "180+1"]
[Date "2022.06.22"]
[WhiteClock "0:00:07"]
[BlackClock "0:00:02"]

1. e4 c5 2. Nf3 e6 3. d4 cxd4 4. Nxd4 a6 5. c4 Bc5 6. Be3 d6 7. Be2 Nf6 8. Nc3 O-O 9. O-O Nc6 10. Qd2 Qc7 11. Rfd1 Ne5 12. f3 Ba7 13. b3 Ng6 14. Rac1 e5 15. Nc2 Bb8 16. Nb4 Be6 17. Kh1 Rd8 18. c5 Qe7 19. Nbd5 Bxd5 20. Nxd5 Nxd5 21. exd5 dxc5 22. Bxc5 Bd6 23. Bb6 Rdc8 24. Qe3 Nf4 25. Bf1 Qd7 26. Bc4 h6 27. Rd2 Qe7 28. Rcd1 Bb4 29. Rf2 Bc5 30. Bxc5 Qxc5 31. Qxc5 Rxc5 32. g3 Ng6 33. Rfd2 Rcc8 34. d6 Nf8 35. Bd5 Rab8 36. Be4 Rd8 37. Rc1 g6 38. Rc7 Ne6 39. Rxb7 Rxb7 40. Bxb7 Nd4 41. Bxa6 Rxd6 42. Kg2 Rxa6 43. Rb2 1-0


[Site "https://www.chess.com"]

[Event "Titled Tuesday Blitz June 21 Late 2022"]
[White "Zhu, Jiner"]
[Black "Ladan, Nicholas"]
[WhiteFideId "8608059"]
[BlackFideId "30918855"]
[WhiteElo "2281"]
[BlackElo "2167"]
[Result "1/2-1/2"]
[Round "09"]
[TimeControl "180+1"]
[Date "2022.06.21"]
[WhiteClock "0:00:44"]
[BlackClock "0:01:46"]

1. e4 e5 2. Nf3 Nc6 3. Bc4 Nf6 4. Ng5 d5 5. exd5 Na5 6. Bb5+ c6 7. dxc6 bxc6 8. Qf3 Be7 9. Bd3 O-O 10. O-O h6 11. Ne4 Nd5 12. Ng3 Nf4 13. Bf5 Bb7 14. d3 g6 15. Bxf4 exf4 16. Qxf4 Bg5 17. Qg4 gxf5 18. Nxf5 Bc8 19. Nxh6+ Kg7 20. Nf5+ Kg6 21. Nh4+ Kh6 22. Nf5+ Kg6 23. Nh4+ Kh6 24. Nf5+ Kg6 1/2-1/2


[Site "https://www.chess.com"]

[Event "Titled Tuesday Blitz June 21 Late 2022"]
[White "Abarca Gonzalez, Nicolas"]
[Black "Svane, Rasmus"]
[WhiteFideId "3409422"]
[BlackFideId "4657101"]
[WhiteElo "2504"]
[BlackElo "2674"]
[Result "0-1"]
[Round "10"]
[TimeControl "180+1"]
[Date "2022.06.21"]
[WhiteClock "0:00:16"]
[BlackClock "0:00:07"]

1. e4 c6 2. d4 d5 3. exd5 cxd5 4. c4 Nf6 5. Nc3 Nc6 6. Nf3 a6 7. cxd5 Nxd5 8. Bd3 g6 9. O-O Bg7 10. Re1 O-O 11. Be4 Be6 12. Bg5 Re8 13. Qd2 Rc8 14. Rad1 Nxc3 15. bxc3 Bd5 16. Bh6 Bxe4 17. Rxe4 Qd5 18. Rde1 Bh8 19. h4 b5 20. Qf4 a5 21. Ne5 Nxe5 22. dxe5 Qe6 23. R1e3 Rc5 24. h5 Rec8 25. Qg3 Rc4 26. Rxc4 Rxc4 27. Rd3 Rc8 28. f4 Bg7 29. Bxg7 Kxg7 30. Qh4 h6 31. hxg6 fxg6 32. Rh3 Rh8 33. Rd3 Kf7 34. g4 Qxa2 35. Rf3 Qd5 36. Qf2 e6 37. f5 gxf5 38. gxf5 Rg8+ 39. Kh1 exf5 40. Qa7+ Ke6 41. Qb6+ Kxe5 42. Qc7+ Kf6 43. Qb6+ Kf7 44. Qc7+ Kg6 45. Kg2 Kh5+ 46. Kf2 Qd2+ 47. Kf1 Qg2+ 0-1


[Site "https://www.chess.com"]

[Event "Titled Tuesday Blitz June 21 Late 2022"]
[White "Adewumi, Tanitoluwa"]
[Black "Sargsyan, Anna M."]
[WhiteFideId "30966396"]
[BlackFideId "13308130"]
[WhiteElo "2544"]
[BlackElo "2271"]
[Result "1-0"]
[Round "10"]
[TimeControl "180+1"]
[Date "2022.06.21"]
[WhiteClock "0:00:06"]
[BlackClock "0:00:05"]

1. d4 d5 2. c4 c6 3. Nc3 Nf6 4. Bf4 dxc4 5. a4 Nd5 6. Bxb8 Rxb8 7. e4 Nxc3 8. bxc3 Qa5 9. Qc1 e5 10. Nf3 exd4 11. Nxd4 Qe5 12. Qe3 c5 13. Nf3 Qe6 14. Ng5 Qa6 15. Qf4 Qf6 16. Qe3 h6 17. Nf3 Be6 18. Be2 g5 19. g3 b6 20. O-O Bg7 21. e5 Qf5 22. Rfe1 O-O 23. Bf1 Rbd8 24. a5 b5 25. Bg2 a6 26. Qxc5 Rd3 27. Nd4 Qg6 28. Be4 Qh5 29. Bxd3 cxd3 30. Nxe6 fxe6 31. Qd6 Qf7 32. Qxd3 Qxf2+ 33. Kh1 Qc5 34. Rf1 Rc8 35. Qf3 Rc7 36. Qa8+ Kh7 37. Qe4+ Kg8 38. Rad1 Rc8 39. Rd7 Qxe5 40. Qxe5 Bxe5 41. Re1 Bxc3 42. Rxe6 Bg7 43. Rg6 Rc1+ 44. Kg2 Rc2+ 45. Kh3 Kf8 46. Rgxg7 b4 47. Rdf7+ Ke8 48. Rb7 1-0


[Site "https://www.chess.com"]

[Event "Titled Tuesday Blitz June 21 Late 2022"]
[White "Adla, Diego"]
[Black "Wartiovaara, Oliver"]
[WhiteFideId "100072"]
[BlackFideId "513024"]
[WhiteElo "2377"]
[BlackElo "1971"]
[Result "1-0"]
[Round "10"]
[TimeControl "180+1"]
[Date "2022.06.22"]
[WhiteClock "0:00:23"]
[BlackClock "0:00:02"]

1. e4 Nf6 2. e5 Nd5 3. d4 d6 4. c4 Nb6 5. exd6 exd6 6. Nc3 Nc6 7. d5 Ne5 8. f4 Ng4 9. Nf3 Be7 10. Bd3 Bh4+ 11. g3 Bf6 12. O-O O-O 13. Qc2 h5 14. Bd2 g6 15. Rae1 Nh6 16. Ne4 Bg7 17. Bc3 Bf5 18. Bxg7 Kxg7 19. Qc3+ f6 20. Neg5 Re8 21. Bxf5 Nxf5 22. Ne6+ Rxe6 23. Rxe6 Qd7 24. Rfe1 Qf7 25. b3 Nd7 26. Nd4 Nc5 27. R6e2 a5 28. Ne6+ Nxe6 29. Rxe6 b6 30. Kg2 Rh8 31. h3 Rh6 32. Qd3 1-0


[Site "https://www.chess.com"]

[Event "Titled Tuesday Blitz June 21 Late 2022"]
[White "Aksu, Vedat Ali"]
[Black "Hoffmann, Asa"]
[WhiteFideId "6304320"]
[BlackFideId "2001470"]
[WhiteElo "2296"]
[BlackElo "2117"]
[Result "0-1"]
[Round "10"]
[TimeControl "180+1"]
[Date "2022.06.22"]
[WhiteClock "0:01:06"]
[BlackClock "0:01:40"]

1. Nf3 d6 2. c4 e5 3. Nc3 Nf6 4. e3 Be6 5. b3 c6 6. Bb2 Be7 7. Qc2 a5 8. a3 Na6 9. Be2 O-O 10. h3 Qd7 11. g4 Rfe8 12. Rg1 Bf8 13. g5 Nh5 14. Nxe5 dxe5 15. Bxh5 Bxh3 16. Ne4 Bf5 17. f3 Bxe4 18. Qxe4 Nc5 19. Qc2 Qd3 20. O-O-O Nxb3+ 21. Kb1 Nc5 22. Bg4 g6 23. Rh1 Bg7 24. Rh3 Ra6 25. Qxd3 Nxd3 26. Bc3 Nf2 27. Rdh1 Nxh3 28. Rxh3 b5 29. cxb5 cxb5 30. Bd7 Rb8 31. Kc2 b4 32. axb4 axb4 33. Bb2 b3+ 34. Kd1 Ra2 35. Kc1 e4 36. Bxg7 Kxg7 37. fxe4 b2+ 0-1


[Site "https://www.chess.com"]

[Event "Titled Tuesday Blitz June 21 Late 2022"]
[White "Aldokhin, Ivan"]
[Black "Sarkar, Justin"]
[WhiteFideId "24115720"]
[BlackFideId "2010011"]
[WhiteElo "2231"]
[BlackElo "2020"]
[Result "0-1"]
[Round "10"]
[TimeControl "180+1"]
[Date "2022.06.22"]
[WhiteClock "0:00:01"]
[BlackClock "0:00:06"]

1. d4 Nf6 2. c4 e6 3. Nc3 Bb4 4. e3 O-O 5. Ne2 d5 6. a3 Be7 7. cxd5 Nxd5 8. e4 Nb6 9. g3 c5 10. d5 exd5 11. exd5 Bg4 12. Bg2 Nc4 13. O-O Nd6 14. h3 Bf5 15. g4 Bc8 16. Ng3 f5 17. f4 Bh4 18. Nce2 fxg4 19. hxg4 Bxg4 20. Qc2 Nd7 21. f5 Ne5 22. Bf4 Qf6 23. Qc3 Rae8 24. Rae1 Nxf5 25. Ne4 Qg6 26. Bxe5 Bxe1 27. Rxe1 Nh4 28. N2g3 Nxg2 29. Kxg2 Rf3 30. d6 Rxc3 31. Bxc3 Qh6 32. Rh1 Qf4 33. Rf1 Qe3 34. Rf2 Rxe4 35. Nxe4 Qxe4+ 36. Kg3 Bd7 37. Rd2 Qe3+ 38. Kg2 Qe4+ 39. Kf2 Qf4+ 40. Ke1 h5 41. b4 Qg3+ 42. Ke2 Qxc3 43. bxc5 Qxc5 44. Kf3 Qf5+ 45. Ke2 Qe4+ 46. Kf1 h4 47. Re2 Bb5 48. Kf2 Qxe2+ 49. Kg1 h3 50. a4 Qg2# 0-1


[Site "https://www.chess.com"]